 Dungeon Crawl Stone Soup version 0.29.0-4-gdea44cf6ec (webtiles) character file.

Game seed: 14214365263495291795

50 qw the Chopper (level 3, 0/21 HPs)
             Began as a Tengu Warper on Aug 28, 2022.
             Slain by an orc priest
             ... wielding a +0 dagger
              (3 damage)
             ... on level 2 of the Dungeon.
             The game lasted 00:00:06 (1250 turns).

qw the Chopper (Tengu Warper)                       Turns: 1250, Time: 00:00:06

Health: 0/21       AC:  5    Str: 13    XL:     3   Next: 79%
Magic:  7/7        EV: 11    Int: 13    God:
Gold:   92         SH:  0    Dex: 13    Spells: 6/6 levels left

rFire   + . .      SeeInvis .   Y - +0 hand axe
rCold   . . .      Faith    .   (no shield)
rNeg    . . .      Spirit   .   h - +0 ring mail
rPois   .          Reflect  .   (helmet restricted)
rElec   .          Harm     .   (no cloak)
rCorr   .          Rampage  .   (no gloves)
Will    .....                   (boots unavailable)
Stlth   +.........              (no amulet)
HPRegen 0.07/turn               g - ring of protection from fire
MPRegen 0.10/turn               (no ring)

@: no status effects
A: beak, talons 3
a: no special abilities


You were on level 2 of the Dungeon.
You visited 1 branch of the dungeon, and saw 2 of its levels.

You collected 92 gold pieces.


Innate Abilities, Weirdness & Mutations

You have a beak for a mouth.
You have claws for feet.


   Skills:
 - Level 2.0 Fighting
 + Level 4.4 Axes
 - Level 1.0 Throwing
 - Level 1.1 Armour
 - Level 2.1 Dodging
 - Level 2.0 Spellcasting
 - Level 2.4 Translocations


You had 6 spell levels left.
You didn't know any spells.
Your spell library contained the following spells:

 Spells                   Type           Power      Damage    Failure   Level
 Blink                    Tloc           14%        N/A       30%         2
 Gell's Gravitas          Tloc           7%         N/A       52%         3
 Lesser Beckoning         Tloc           7%         N/A       52%         3
 Teleport Other           Tloc           7%         N/A       52%         3
 Manifold Assault         Tloc           7%         N/A       99%         5

Inventory:

Hand Weapons
 f - a +0 club
 Y - a +0 hand axe (weapon)
Armour
 h - a +0 ring mail (worn)
Jewellery
 g - a ring of protection from fire (left hand)
Potions
 i - a potion of degeneration {unknown}

Dungeon Overview and Level Annotations

Branches:
Dungeon (2/15)

Altars:


Message History

You hit the orc wizard.
The orc wizard is heavily wounded.
You hit the orc but do no damage.
The orc wizard gestures at you while chanting.
The puff of flame hits you. You resist. The orc hits you with a +0 morningstar.
You hit the orc wizard.
The orc wizard is severely wounded.
You barely miss the orc. The orc wizard barely misses you. The orc misses you.
You miss the orc wizard.
You peck the orc wizard, but do no damage.
The orc wizard is severely wounded.
You hit the orc but do no damage.
The orc wizard hits you but does no damage.
The orc closely misses you.
You hit the orc wizard. You claw the orc wizard.
You kill the orc wizard!
You hit the orc. The orc barely misses you.
The orc priest calls upon Beogh to heal the orc.
The orc's wounds heal themselves!
Your Axes skill increases to level 4!
You hit the orc but do no damage. You claw the orc, but do no damage.
Your peck misses the orc. You barely miss the orc priest.
You hit the orc but do no damage. The orc misses you.
The orc priest hits you with a +0 dagger.
You hit the orc priest.
The orc priest is lightly wounded.
You barely miss the orc. The orc hits you with a +0 morningstar.
The orc priest calls down the wrath of Beogh upon you.
You barely resist. You barely miss the orc priest.
Your kick misses the orc priest. Your peck misses the orc priest.
The orc priest is lightly wounded.
You barely miss the orc. The orc hits you with a +0 morningstar!
The orc priest hits you with a +0 dagger.
You die...

.. ..# #.# #.# # #.# ...
#.#......# #.#####.....
#.##..... #.#ooo......
#.#...#.# ###..@#.......
#<#.#.#.###.....#.o.....
##.#...........#.#.......
.......#.####.##.#...o...
.......#..###.##.#.o..o..
.................#..o....
.........%....%..#...o...
.................#
.................#


You could see an orc priest and 2 orcs.

Vanquished Creatures
  An orc wizard (D:2)
  A dart slug (D:1)
  An orc (D:2)
  4 ball pythons (D:1)
  3 bats
  An endoplasm (D:1)
  A giant cockroach (D:1)
  A goblin (D:1)
  A hobgoblin (D:2)
  2 quokkas
  3 frilled lizards (D:1)
  2 kobolds
21 creatures vanquished.

Notes
Turn   | Place    | Note
-------+----------+-------------------------------------------
     0 | D:1      | qw the Tengu Warper began the quest for the Orb.
     0 | D:1      | Reached XP level 1. HP: 12/12 MP: 4/4
     0 | D:1      | 0 ||| qw: Version: 0.1-a-89-g26bdef1
     0 | D:1      | 0 ||| qw: Game counter: 2233
     0 | D:1      | 0 ||| qw: Always use a shield: true
     0 | D:1      | 0 ||| qw: God list: Okawaru
     0 | D:1      | 0 ||| qw: Allow faded altars: false
     0 | D:1      | 0 ||| qw: Do Orc after D:15 true
     0 | D:1      | 0 ||| qw: Do second Lair branch before Depths: true
     0 | D:1      | 0 ||| qw: Lair rune preference: random
     0 | D:1      | 0 ||| qw: Plans: Normal
     0 | D:1      | 0 ||| PLANNING D:1-11
   171 | D:1      | Reached XP level 2. HP: 14/17 MP: 6/6
   272 | D:1      | Reached skill level 3 in Axes
  1002 | D:1      | 1002 ||| UPGRADING to +0 ring mail.
  1012 | D:1      | 1012 ||| DROPPING +0 leather armour.
  1013 | D:1      | 1013 ||| UPGRADING to ring of protection from fire.
  1014 | D:1      | 1014 ||| READING scroll labelled YCEXKO PYLAMU.
  1015 | D:1      | 1015 ||| DROPPING scroll of blinking.
  1084 | D:2      | 1084 ||| STAIRDANCE
  1232 | D:2      | 1232 ||| Stepping ~*~*~tactically~*~*~ (stealth).
  1234 | D:2      | 1234 ||| Stepping ~*~*~tactically~*~*~ (hiding).
  1237 | D:2      | 1237 ||| Stepping ~*~*~tactically~*~*~ (hiding).
  1239 | D:2      | Reached XP level 3. HP: 21/21 MP: 7/7
  1247 | D:2      | Reached skill level 4 in Axes
  1250 | D:2      | HP: 3/21 [orc/+0 morningstar (7)]
  1250 | D:2      | Slain by an orc priest

Levels and vault maps discovered:
D:1:      matt_arrival_spirals, layout_loops_ring, minmay_box_of_dots
D:2:      cheibrodos_pilgrimage, layout_rooms, serial_shops, shop,
          ebering_ecumenical_altar_ruins, minmay_domino_2

Skill      XL: |  1  2  3 |
---------------+----------+-----
Axes           | 3 4 |  4.4
Fighting       | |  2.0
Throwing       | |  1.0
Armour         | |  1.1
Dodging        | |  2.1
Spellcasting   | |  2.0
Translocations | |  2.4

Action                   || total
-------------------------++-------
Melee: Hand axe          ||    51
       Kick              ||    13
       Peck              ||     6
Throw: Boomerang         ||     7
  Use: Scroll            ||     1
Armor: Leather armour    ||     4
       Ring mail         ||    13
Dodge: Dodged            ||    29

Table legend:
 A = Non-vault XP
 B = Vault XP
 C = Vault XP percentage of total XP
 D = Non-vault monster count
 E = Vault monster count
 F = Vault count percentage of total count
                 A         B        C        D         E       F
            +---------+---------+-------+---------+---------+-------
      Total |      31 |      41 |  56.9 |      18 |       3 |  14.3
            +---------+---------+-------+---------+---------+-------
        D:1 |      23 |       2 |   8.0 |      13 |       1 |   7.1
        D:2 |       8 |      39 |  83.0 |       5 |       2 |  28.6
            +---------+---------+-------+---------+---------+-------
